 Dungeon Crawl Stone Soup version 0.29-a0-559-g359e09b9d1 (webtiles) character file.

Game seed: 12584160534162244810

1 Nedwor the Twirler (level 1, -2/18 HPs)
             Began as a Minotaur Gladiator on June 10, 2022.
             Succumbed to a kobold's poison
             ... on level 1 of the Dungeon.
             The game lasted 00:00:20 (31 turns).

Nedwor the Twirler (Minotaur Gladiator)               Turns: 31, Time: 00:00:22

Health: -2/18      AC:  3    Str: 18    XL:     1   Next: 16%
Magic:  0/0        EV: 12    Int:  5    God:
Gold:   0          SH:  0    Dex: 11    Spells: 0/0 levels left

rFire   . . .      SeeInvis .   a - +0 quarterstaff
rCold   . . .      Faith    .   (shield currently unavailable)
rNeg    . . .      Spirit   .   b - +0 leather armour
rPois   .          Reflect  .   c - +0 hat
rElec   .          Harm     .   (no cloak)
rCorr   .          Rampage  .   (no gloves)
Will    .....                   (no boots)
Stlth   +.........              (no amulet)
HPRegen 0.06/turn               (no ring)
MPRegen 0.07/turn               (no ring)

@: lethally poisoned (-2 -> -27)
A: horns 2, retaliatory headbutt
a: no special abilities


You were on level 1 of the Dungeon.
You visited 1 branch of the dungeon, and saw 1 of its levels.

Inventory:

Hand Weapons
 a - a +0 quarterstaff (weapon)
Missiles
 d - 3 throwing nets (quivered)
 e - a javelin
Armour
 b - a +0 leather armour (worn)
 c - a +0 hat (worn)
Scrolls
 f - a scroll of identify {unknown}


   Skills:
 - Level 2.4 Fighting
 * Level 3.7 Staves
 - Level 2.0 Throwing
 - Level 3.2 Dodging


You couldn't memorise any spells.
You didn't know any spells.
Your spell library was empty.

Dungeon Overview and Level Annotations

Branches:
Dungeon (1/15)

Altars:


Innate Abilities, Weirdness & Mutations

You have a pair of horns on your head.
You reflexively headbutt those who attack you in melee.


Message History

Found 14 stones.
Found a staircase leading out of the dungeon.
Setting a skill training target for Staves at 14.0.
You open the door.
There is an open door here.
f - a scroll labelled OLAKHL YGYSYS A hobgoblin comes into view.
The hobgoblin shouts!
You hear a shout!
A hobgoblin is nearby!
A hobgoblin is nearby!
A hobgoblin is nearby!
A kobold comes into view.
It is wielding a +2 short sword of venom.
A kobold comes into view. It is wielding a +0 short sword.
The hobgoblin hits you but does no damage.
You hit the hobgoblin. Your headbutt misses the hobgoblin.
The hobgoblin is heavily wounded.
The hobgoblin hits you.
You closely miss the hobgoblin. You headbutt the hobgoblin.
You kill the hobgoblin!
The kobold hits you with a +2 short sword of venom.
You are poisoned.
You hit the kobold but do no damage. Your headbutt misses the kobold.
You feel sick.
The kobold hits you with a +2 short sword of venom.
You are lethally poisoned!
You are too injured to fight recklessly!
Unknown command.
You are too injured to fight recklessly!
You are too injured to fight recklessly!
Unknown command.
You are too injured to fight recklessly!
Unknown command.
You are too injured to fight recklessly!
You barely miss the kobold. Your headbutt misses the kobold.
* * * LOW HITPOINT WARNING * * *
You feel very sick. The kobold hits you but does no damage.
You are more poisoned.
You closely miss the kobold.
You die...

# ##### .#. #...##
..# ### #.<..( #.#
..# #...##
#.#########.# ##'##
#.#........# #..#
#.....##..# ##.#
##....##..# #.##
#@....##..#####...
#K#...............#
#K#####............#
#.# #.........##.#
... #.####.##.#...
#.# #.# #.##..... #.
# #........ #
#.......# #######.#


You could see 2 kobolds.

Vanquished Creatures
  A hobgoblin (D:1)
1 creature vanquished.

Notes
Turn   | Place    | Note
-------+----------+-------------------------------------------
     0 | D:1      | Nedwor the Minotaur Gladiator began the quest for the Orb.
     0 | D:1      | Reached XP level 1. HP: 18/18 MP: 0/0
    31 | D:1      | Succumbed to a kobold's poison

Illustrated notes

Levels and vault maps discovered:
D:1:      minmay_arrival_nine_rooms, layout_loops_cross, minmay_misc_feat_roman

Action                   || total
-------------------------++-------
Melee: Quarterstaff      ||     5
       Headbutt          ||     1
Armor: Leather armour    ||     2

Table legend: (Time is in decaauts)
 A = Elapsed time spent in this place.
 B = Non-inter-level travel time spent in this place.
 C = Inter-level travel time spent in this place.
 D = Time resting spent in this place.
 E = Time spent auto-exploring this place.
 F = Levels seen in this place.
 G = Mean time per level.
                   A        B        C        D        E       F      G
               +--------+--------+--------+--------+--------+-----+--------+
         Total |     31 |     31 |      0 |      0 |     21 |   1 |   31.0 |
       Dungeon |     31 |     31 |      0 |      0 |     21 |   1 |   31.0 |
               +--------+--------+--------+--------+--------+-----+--------+

Top non-repeatable levels by time:
     D:1: 31 daAuts
